 Dungeon Crawl Stone Soup version 0.29-a0-830-gcb1280458a (webtiles) character file.

Game seed: 6240627297932802041

3203 benadryl the Skirmisher (level 9, 0/70 HPs)
             Began as a Barachi Hunter on July 11, 2022.
             Was an Elder of Hepliaklqana.
             Succumbed to Amaemon's poison
             ... on level 8 of the Dungeon.
             The game lasted 00:18:39 (7776 turns).

benadryl the Skirmisher (Barachi Hunter)            Turns: 7776, Time: 00:18:40

Health: 0/70       AC:  9    Str: 17    XL:     9   Next: 96%
Magic:  9/9        EV: 12    Int:  9    God:    Hepliaklqana [****..]
Gold:   377        SH:  0    Dex: 16    Spells: 8/8 levels left

rFire   . . .      SeeInvis .   b - +1 whip (holy)
rCold   . . .      Faith    .   (no shield)
rNeg    . . .      Spirit   +   D - +2 robe {Will+}
rPois   .          Reflect  .   G - +0 helmet
rElec   .          Harm     .   (no cloak)
rCorr   .          Rampage  .   (no gloves)
Will    +....                   (no boots)
Stlth   ++........              E - amulet of guardian spirit
HPRegen 0.21/turn               q - +4 ring of protection
MPRegen 0.11/turn               B - ring of flight

@: lethally poisoned (0 -> -56), attractive, flying, slow
A: reduced essence, amphibious, slowness 1, strong legs 1, +LOS
a: Hop, Renounce Religion, Recall Ancestor, Ancestor Identity, Transference,
Idealise


You were on level 8 of the Dungeon.
You worshipped Hepliaklqana.
Hepliaklqana was greatly pleased with you.
You visited 1 branch of the dungeon, and saw 8 of its levels.

You collected 377 gold pieces.

Inventory:

Hand Weapons
 a - a +0 shortbow of venom
 b - a +1 whip of holy wrath (weapon)
 A - the +8 rapier of Symmetry {flame, Will- Str+3 Int+8 SInv}
   (You found it on level 6 of the Dungeon)

   It burns those it strikes, dealing additional fire damage.
   Str:       It affects your strength (+3).
   Int:       It affects your intelligence (+8).
   SInv:      It lets you see invisible.
   Will:      It decreases your willpower.
Armour
 c - a +0 leather armour
 k - a +0 ring mail
 D - a +2 robe of willpower (worn)
 G - a +0 helmet (worn)
Jewellery
 q - a +4 ring of protection (left hand)
 r - a ring of ice
 B - a ring of flight (right hand)
 C - an amulet of magic regeneration
 E - an amulet of guardian spirit (around neck)
Wands
 H - a wand of charming (7)
Scrolls
 d - a scroll of immolation
 e - 3 scrolls of teleportation
 f - 2 scrolls of poison
 g - 3 scrolls of fear
 m - 2 scrolls of blinking {unknown}
 n - a scroll of amnesia
 o - a scroll of enchant weapon {unknown}
 p - 3 scrolls of identify {@r1}
 t - a scroll of fog {unknown}
 v - a scroll of summoning {unknown}
 y - 2 scrolls of vulnerability {unknown}
 z - a scroll of noise {unknown}
 I - a scroll of magic mapping
Potions
 h - 2 potions of berserk rage {unknown}
 i - 5 potions of curing {@q1}
 j - a potion of attraction
 l - a potion of haste {unknown}
 s - a potion of cancellation {unknown}
 u - a potion of mutation {unknown}
 w - a potion of might {unknown}
 x - a potion of magic
 F - a potion of degeneration {unknown}


   Skills:
 + Level 9.7 Fighting
 * Level 11.8 Ranged Weapons
 - Level 2.1 Dodging
 - Level 0.8 Stealth


You had 8 spell levels left.
You didn't know any spells.
Your spell library contained the following spells:

 Spells                   Type           Power      Damage    Failure   Level
 Slow                     Hex            0%         N/A       38%         1
 Sting                    Tmut/Pois      0%         1d3       38%         1
 Sublimation of Blood     Necr           0%         N/A       52%         2
 Confusing Touch          Hex            0%         N/A       77%         3
 Ignite Poison            Fire/Tmut/Pois 0%         N/A       77%         3
 Stone Arrow              Conj/Erth      0%         3d7       77%         3
 Vampiric Draining        Necr           0%         2d6       77%         3
 Animate Armour           Summ/Erth      0%         N/A       99%         4
 Petrify                  Tmut/Erth      0%         N/A       99%         4
 Irradiate                Conj/Tmut      0%         3d11      100%        5
 Dragon Form              Tmut           0%         N/A       100%        7
 Lehudib's Crystal Spear  Conj/Erth      0%         10d2      100%        8


Dungeon Overview and Level Annotations

Branches:
Dungeon (8/15)             Temple (0/1) D:7
   Lair: D:8-11

Altars:
Ashenzari
Elyvilon
Hepliaklqana
Kikubaaqudgha
Okawaru
Qazlal
Sif Muna
Wu Jian

Annotations:
D:8 Amaemon


Innate Abilities, Weirdness & Mutations

Your life essence is reduced to manifest your ancestor. (-10% HP)
You are amphibious.
You cover ground slowly.
You can hop short distances.
You have an extended range of vision and can be seen from far away.


Message History

Press: ? - help, Q - select action, (/) - cycle Shift-Dir - straight line, f/p - scorpion
Aim: a scorpion (heavily wounded, summoned, concentrated venom, extremely poisoned, 69% to hit)
You shoot an arrow. The arrow hits the scorpion!
The scorpion is almost dead.
You kill the scorpion!
The scorpion's corpse disappears in a puff of smoke!
Your +0 shortbow of venom stops dripping with poison.
Your +1 whip of holy wrath softly glows with a divine radiance!
b - a +1 whip of holy wrath (weapon)
You hit Amaemon.
Amaemon convulses.
Amaemon is lightly wounded.
Amaemon zaps a wand.
You easily resist.
You closely miss Amaemon.
Amaemon is lightly wounded.
Amaemon zaps a wand.
You easily resist.
You closely miss Amaemon.
Amaemon is lightly wounded.
Amaemon hits you with a +1 demon whip of venom!
You are poisoned.
Amaemon closely misses you. Amaemon tail-slaps you.
You closely miss Amaemon.
Amaemon is lightly wounded.
You feel very sick. Amaemon hits you but does no damage.
You are more poisoned.
Amaemon claws you. Amaemon tail-slaps you. Amaemon hits you but does no damage.
Amaemon claws you.
* * * LOW HITPOINT WARNING * * *
Amaemon barely misses you.
It was a potion of attraction.
You feel attractive to monsters.
You feel sick.
Amaemon hits you with a +1 demon whip of venom!
* * * LOW HITPOINT WARNING * * *
You are lethally poisoned!
Amaemon barely misses you. Amaemon tail-slaps you.
You are more poisoned.
Amaemon poisons you!
It was a potion of magic.
Magic courses through your body.
You die...

##.########.... #.# #.###
#.# #.##. ##'## #.#.#
##...## #.##. ##.....##
#.##. ##.......## #....
####
....#.##.........####....
....
...)...6@........+.......
####
....#.##.........###.....
# ##.......## #.#.#. #
##.....## ##.###. ##...##
##..###. ##+## #.......
#.# ##.†#### #.# #..#
##.## #..####


You could see Amaemon.

Vanquished Creatures
  An orange demon (D:8)
  Prince Ribbit (D:7)
  A steam dragon (D:8)
  An orc warrior (D:8)
  6 centaurs (D:8)
  A phantom (D:5)
  A bullfrog (D:8)
  A scorpion (D:7)
  5 howler monkeys
  2 hounds
  A jelly (D:7)
  2 orc priests
  2 iguanas
  4 adders
  2 shadow imps (D:7)
  An ufetubus (D:5)
  A worm (D:2)
  3 dart slugs
  19 orcs
  10 endoplasms
  3 giant cockroaches
  9 goblins
  10 hobgoblins
  3 jackals (D:4)
  2 quokkas
  10 ball pythons
  5 bats
  7 frilled lizards
  5 kobolds
  3 rats
122 creatures vanquished.

Vanquished Creatures (collateral kills)
  An ugly thing (D:7)
  2 water moccasins
  2 ice beasts
  A bullfrog (D:6)
  A howler monkey (D:8)
  3 hounds
  A jelly (D:5)
  2 orc priests
  An iguana (D:5)
  3 orc wizards
  4 adders
  A shadow imp (D:5)
  2 white imps
  A dart slug (D:5)
  7 orcs
  A ball python (D:4)
  An endoplasm (D:4)
  A goblin (D:4)
35 creatures vanquished.

Vanquished Creatures (others)
  A battlemage (D:8)
  2 fungi (D:3)
3 creatures vanquished.

Grand Total: 160 creatures vanquished

Notes
Turn   | Place    | Note
-------+----------+-------------------------------------------
     0 | D:1      | benadryl the Barachi Hunter began the quest for the Orb.
     0 | D:1      | Reached XP level 1. HP: 17/17 MP: 1/1
    70 | D:1      | Reached XP level 2. HP: 23/23 MP: 2/2
   224 | D:1      | Found a faded altar of an unknown god.
   376 | D:1      | Reached XP level 3. HP: 29/29 MP: 3/3
  1036 | D:2      | Reached skill level 5 in Ranged Weapons
  1036 | D:2      | Reached XP level 4. HP: 24/35 MP: 4/4
  2126 | D:1      | Prayed at the altar of an unknown god.
  2126 | D:1      | Became a worshipper of Hepliaklqana the Forgotten
  2126 | D:1      | Reached * piety under Hepliaklqana
  2325 | D:3      | Reached XP level 5. HP: 37/37 MP: 5/5
  3031 | D:3      | Reached ** piety under Hepliaklqana
  3044 | D:3      | Remembered your ancestor Flubber as a battlemage
  3403 | D:4      | Found an ancient bone altar of Kikubaaqudgha.
  3457 | D:4      | Reached skill level 6 in Ranged Weapons
  3471 | D:4      | Found a white marble altar of Elyvilon.
  3563 | D:4      | Found a stormy altar of Qazlal.
  3771 | D:4      | Reached XP level 6. HP: 44/44 MP: 6/6
  3926 | D:5      | Entered Level 5 of the Dungeon
  4057 | D:5      | Reached skill level 5 in Fighting
  4306 | D:5      | Reached skill level 7 in Ranged Weapons
  4557 | D:5      | Reached XP level 7. HP: 44/50 MP: 7/7
  4816 | D:5      | Found a shimmering blue altar of Sif Muna.
  4984 | D:5      | Found an iron altar of Okawaru.
  5127 | D:6      | Reached *** piety under Hepliaklqana
  5202 | D:6      | Reached skill level 8 in Ranged Weapons
  5213 | D:6      | Identified the +8 rapier of Symmetry {flame, Will- Str+3
                  | Int+8 SInv}
  5218 | D:6      | Reached XP level 8. HP: 58/58 MP: 8/8
  5334 | D:6      | Found an ornate altar of the Wu Jian Council.
  6037 | D:7      | Found a broken altar of Ashenzari.
  6255 | D:7      | Reached **** piety under Hepliaklqana
  6305 | D:7      | Noticed a green ugly thing
  6322 | D:7      | Killed a green ugly thing
  6323 | D:7      | Reached skill level 9 in Ranged Weapons
  6511 | D:7      | Found a staircase to the Ecumenical Temple.
  6656 | D:7      | Reached skill level 10 in Ranged Weapons
  6656 | D:7      | Reached XP level 9. HP: 60/66 MP: 9/9
  6732 | D:7      | Noticed Prince Ribbit
  6738 | D:7      | Killed Prince Ribbit
  7242 | D:8      | Got the Disquisition on Filthy Moulding
  7304 | D:8      | Reached skill level 11 in Ranged Weapons
  7754 | D:8      | Noticed an orange demon
  7755 | D:8      | Noticed Amaemon
  7761 | D:8      | Killed an orange demon
  7776 | D:8      | Succumbed to Amaemon's poison

Illustrated notes

Levels and vault maps discovered:
D:1:      saegor_arrival_simple_d, layout_basic,
          nicolae_ecumenical_snake_handling
D:2:      layout_basic, minmay_pentomino_s4
D:3:      layout_basic, serial_co_window_serial, co_window_corner_a,
          co_window_corner_a, co_window_corner_a, co_window_corner_a,
          co_window_of_opportunity_a, co_window_broadway_c, co_window_cross_2,
          co_window_corner_cb, co_window_corner_ca, co_window_corner_b,
          co_window_corner_b, glass_columns_a, glass_columns_b, glass_columns_b,
          glass_columns_c, glass_columns_a, dreamdust_mushroom_princess,
          minmay_misc_feat_four_crosses
D:4:      layout_loops_corners, mainiacjoe_overflow_alcove_2,
          general_overflow_altar, grunt_qazlal_clouds, serial_glass,
          glass_columns_a, glass_columns_c, minmay_goblin_outpost
D:5:      layout_loops_corners, kennysheep_okawaru_gauntlet,
          lemuel_blue_sif_altar, serial_co_window_serial, co_window_paths_a,
          co_window_cross_1, co_window_paths_a, co_window_paths_a,
          co_window_paths_b, co_window_paths_a, co_window_corner_a,
          co_window_unsneaky_path_d, co_window_cross_2, co_window_broadway_a,
          co_window_unsneaky_path_b, co_window_broadway_a, glass_columns_a,
          glass_columns_b, glass_columns_b, glass_columns_a, glass_columns_b
D:6:      layout_gridville, nicolae_wu_jian_wuxing_cycle,
          minmay_misc_feat_diagonals, dreamdust_wishing_well
D:7:      layout_basic, mainiacjoe_overflow_tiny_flanked,
          minmay_temple_entry_slanted, uniq_prince_ribbit1
D:8:      layout_loops_corners, lemuel_crystal_altar, corexii_leaking_fountain,
          grunt_ministairs_12, st_stairs_2, uniq_amaemon

Skill      XL: |  1  2  3  4  5  6  7  8  9 |
---------------+----------------------------+-----
Fighting       | 3 4 5 6 8 9 |  9.7
Ranged Weapons | 5 6 7 8 10 11 | 11.8
Dodging        | |  2.1
Stealth        | |  0.8

Action                   |  1- 3 |  4- 6 |  7- 9 || total
-------------------------+-------+-------+-------++-------
Melee: Whip              |    15 |    11 |    15 ||    41
       Shortbow          |       |     1 |       ||     1
       Rapier            |       |       |     5 ||     5
 Fire: Shortbow          |    82 |   139 |   172 ||   393
Invok: Ancestor Identity |       |     1 |       ||     1
       Ancestor Life: Ba |       |     1 |       ||     1
       Recall Ancestor   |       |       |     1 ||     1
 Abil: Hop               |       |     1 |       ||     1
  Use: Scroll            |       |     7 |       ||     7
       Potion            |       |       |     2 ||     2
Armor: Leather armour    |    10 |       |       ||    10
       Ring mail         |     4 |    36 |    11 ||    51
       Robe              |       |       |    17 ||    17
Dodge: Dodged            |    34 |    43 |    48 ||   125

Table legend: (Time is in decaauts)
 A = Elapsed time spent in this place.
 B = Non-inter-level travel time spent in this place.
 C = Inter-level travel time spent in this place.
 D = Time resting spent in this place.
 E = Time spent auto-exploring this place.
 F = Levels seen in this place.
 G = Mean time per level.
                   A        B        C        D        E       F      G
               +--------+--------+--------+--------+--------+-----+--------+
         Total |   8940 |   8530 |    410 |    862 |   6737 |   8 | 1117.5 |
       Dungeon |   8940 |   8530 |    410 |    862 |   6737 |   8 | 1117.5 |
               +--------+--------+--------+--------+--------+-----+--------+

Top non-repeatable levels by time:
     D:2: 1505 daAuts
     D:7: 1379 daAuts
     D:5: 1367 daAuts
     D:3: 1056 daAuts
     D:1: 992 daAuts
     D:4: 975 daAuts
     D:6: 935 daAuts
     D:8: 728 daAuts
